 Dungeon Crawl Stone Soup version 0.30.0-15-g856e2d3f33 (webtiles) character file.

Game seed: 5837132666873298030

113 SnakkuSnakku7 the Trooper (level 4, 0/39 HPs)
             Began as a Ghoul Hexslinger on May 20, 2023.
             Slain by Edmund
             ... wielding a +2 flail of protection
              (13 damage)
             ... on level 4 of the Dungeon.
             The game lasted 00:03:26 (2918 turns).

SnakkuSnakku7 the Trooper (Ghoul Hexslinger)        Turns: 2918, Time: 00:03:26

Health: 0/39       AC:  6    Str: 15    XL:     4   Next: 96%
Magic:  4/4        EV: 10    Int:  8    God:
Gold:   36         SH:  0    Dex:  9    Spells: 4/5 levels left

rFire   . .          .
                       - Unarmed
rCold   + . .        (no shield)
rNeg    + + +        l - +0 ring mail
rPois   ∞            (no helmet)
rElec   .            o - +0 cloak
rCorr   .            (no gloves)
SInv    .            (no boots)
Will    .....        (no amulet) Stlth
                     n - ring of flight
HPRegen 0.00/turn    (no ring)
MPRegen 0.09/turn

%: no passive effects
@: flying, inhibited regen, invisible
A: claws 1, cold resistance 1, negative energy resistance 3, inhibited
regeneration, torment resistance 2, devour on kill
a: no special abilities


You were on level 4 of the Dungeon.
You visited 1 branch of the dungeon, and saw 4 of its levels.

You collected 149 gold pieces.
You spent 113 gold pieces at shops.

Inventory:

Hand Weapons
 a - a +1 sling
Missiles
 d - 4 poisoned darts
Armour
 c - a +0 robe
 l - a +0 ring mail (worn)
 o - a +0 cloak (worn)
Jewellery
 n - a ring of flight (left claw)
Wands
 r - a wand of flame (11)
Scrolls
 b - 2 scrolls of poison
 f - 2 scrolls of identify {unknown}
 g - 2 scrolls of magic mapping {unknown}
 j - 2 scrolls of teleportation {unknown}
 p - a scroll of blinking {unknown}
 q - a scroll of amnesia {unknown}
 s - 2 scrolls of noise {unknown}
 t - a scroll of enchant armour {unknown}
 u - a scroll of silence {unknown}
 w - a scroll of fear {unknown}
Potions
 e - 3 potions of might {unknown}
 i - 2 potions of lignification {unknown}
 k - a potion of mutation {unknown}
 m - a potion of curing {unknown}
 v - a potion of ambrosia {unknown}


   Skills:
 + Level 3.6 Fighting
 - Level 1.7 Ranged Weapons
 - Level 1.7 Dodging
 + Level 3.2 Unarmed Combat
 - Level 1.0 Spellcasting
 - Level 2.4 Hexes


You had 4 spell levels left.
You knew the following spells:

 Your Spells              Type           Power      Damage    Failure   Level
a - Slow                  Hex            16%        N/A       30%         1

Your spell library contained the following spells:

 Spells                   Type           Power      Damage    Failure   Level
 Kiss of Death            Conj/Necr      0%         2d5       61%         1
 Necrotise                Necr           0%         1d4       61%         1
 Confusing Touch          Hex            4%         N/A       65%         3
 Inner Flame              Hex/Fire       2%         N/A       82%         3
 Portal Projectile        Hex/Tloc       4%         N/A       82%         3
 Call Canine Familiar     Summ           0%         N/A       93%         3
 Vampiric Draining        Necr           0%         2d6       93%         3
 Cause Fear               Hex            2%         N/A       96%         4
 Leda's Liquefaction      Hex/Erth       1%         N/A       99%         4
 Dispel Undead            Necr           0%         3d6       100%        4
 Agony                    Necr           0%         N/A       100%        5


Dungeon Overview and Level Annotations

Branches:
Dungeon (4/15)
 Temple: D:4-7

Altars:

Shops:
D:1 *([!

Annotations:
D:4 Edmund


Innate Abilities, Weirdness & Mutations

You are immune to poison.
You have sharp fingernails.
Your flesh is cold resistant. (rC+)
You are immune to negative energy. (rN+++)
You do not regenerate when monsters are visible.
You are immune to unholy pain and torment.
You thrive by killing the living.


Message History

s - 2 scrolls labelled XAETICVOCUE (gained 1)
Found 5 stones.
Found a stone staircase leading down.
Found a stone staircase leading up.
Edmund the Younger comes into view.
He is wielding a +2 flail of protection.
Edmund shouts!
You see here a scroll labelled SUNYRPHIMIY.
w - a scroll labelled SUNYRPHIMIY
Aiming: Throw Flame
Press: ? - help, Shift-Dir - straight line, f - Edmund
Aim: Edmund, wielding a +2 flail of protection and wearing a +0 chain mail (77% to hit)
The puff of flame hits Edmund but does no damage.
Unknown command.
You fade into invisibility!
You scratch Edmund.
Edmund is lightly wounded.
You scratch Edmund but do no damage.
Edmund is lightly wounded.
Edmund hits you with a +2 flail of protection!
You barely miss Edmund.
Edmund is lightly wounded.
Edmund drinks a potion.
Edmund goes berserk!
You catch the helpless Edmund completely off-guard!
You scratch Edmund but do no damage.
Edmund is lightly wounded.
You scratch Edmund but do no damage.
Edmund is lightly wounded.
Edmund misses you.
Edmund hits you with a +2 flail of protection.
You completely miss Edmund.
Edmund is lightly wounded.
Edmund closely misses you.
You scratch Edmund but do no damage.
Edmund is lightly wounded.
Edmund hits you with a +2 flail of protection!
You are too injured to fight recklessly!
You are too injured to fight recklessly!
You are too injured to fight recklessly!
Edmund hits you with a +2 flail of protection!
You die...

.......>.........#
................##
......#..........## ####
.....##...........##...#
..#..##...##...........#
.##..##................#
.##.............##.....#
####.............@.....#
## #............@......#
.# #...........<.#.$..##
.###.............#....#
#...........#.#.........
#...........#.###........
............... ........
....##....... ...####.
#...# ...... #..
#...##.....#


You could see Edmund (berserk, unable to see you).

Vanquished Creatures
  4 adders (D:2)
  A worm (D:2)
  3 dart slugs
  6 orcs (D:3)
  6 ball pythons
  5 endoplasms
  3 giant cockroaches
  4 goblins
  7 hobgoblins
  3 jackals (D:2)
  5 kobolds
  A quokka (D:3)
  2 bats (D:1)
  5 frilled lizards
  5 rats
60 creatures vanquished.

Notes
Turn   | Place    | Note
-------+----------+-------------------------------------------
     0 | D:1      | SnakkuSnakku7 the Ghoul Hexslinger began the quest for the
                  | Orb.
     0 | D:1      | Reached XP level 1. HP: 16/16 MP: 1/1
    14 | D:1      | Found Cuoramuz's Weapon Shoppe.
   115 | D:1      | Found Mugekil's Distillery.
   190 | D:1      | Found Ivvitoap's Antique Armour Shop.
   266 | D:1      | Reached skill level 1 in Unarmed Combat
   266 | D:1      | Reached XP level 2. HP: 24/24 MP: 2/2
   419 | D:1      | Found Pesobbiba's Assorted Antiques.
   427 | D:1      | Bought a bubbling amethyst potion for 21 gold pieces
   856 | D:1      | Bought 2 potions of degeneration for 26 gold pieces
   907 | D:1      | Bought an emerald potion for 21 gold pieces
   945 | D:2      | Reached XP level 3. HP: 30/30 MP: 3/3
  1095 | D:2      | Reached XP level 4. HP: 36/37 MP: 4/4
  2807 | D:1      | Bought a scroll labelled UROUFY LAUKO for 24 gold pieces
  2807 | D:1      | Bought a yellow potion for 21 gold pieces
  2905 | D:4      | Noticed Edmund
  2918 | D:4      | Slain by Edmund

Illustrated notes

Levels and vault maps discovered:
D:1:      scummos_arrival_simple_crosswalls, layout_basic, serial_shops,
          nicolae_shop_bloodbath_and_beyond, nicolae_shop_industrial_runoff,
          nicolae_shop_dealshenge, shop, chequers_serial_rivers_small_b,
          nicolae_concentric_dashed_squares_wild
D:2:      layout_loops_corners
D:3:      layout_basic, tso_metal_star, guppyfry_early_lair_pool
D:4:      layout_cave_pools, uniq_edmund

Skill      XL: |  1  2  3  4 |
---------------+-------------+-----
Unarmed Combat | 1 2 3 |  3.2
Fighting       | 2 3 |  3.6
Ranged Weapons | |  1.7
Dodging        | |  1.7
Spellcasting   | |  1.0
Hexes          | |  2.4

Action                     |  1- 3 |  4- 6 || total
---------------------------+-------+-------++-------
  Melee: Unarmed           |    76 |   113 ||   189
         Punch             |       |     1 ||     1
   Fire: Sling             |    34 |       ||    34
  Evoke: Wand              |       |     1 ||     1
    Use: Potion            |       |     1 ||     1
   Stab: Invisible         |       |     1 ||     1
 Armour: Robe              |    16 |       ||    16
         Ring mail         |     6 |    49 ||    55
  Dodge: Dodged            |    65 |    59 ||   124
